 Dungeon Sprint DCSS version 0.24-a0-479-g9a978d2894 (webtiles) character file.

Game seed: 16183413386186417926

41 emperorscorpion the Magician (level 3, 0/21 HPs)
             Began as an Octopode Air Elementalist on July 6, 2019.
             Slain by a phantom (2 damage)
             ... in the Dungeon (Sprint IX: "|||||||||||||||||||||||||||||").
             The game lasted 00:01:26 (177 turns).

emperorscorpion the Magician (OpAE)                  Turns: 177, Time: 00:01:26

Health: 0/21       AC:  1    Str:  7    XL:     3   Next: 52%
Magic:  0/10       EV: 13    Int: 18    God:
Gold:   0          SH:  0    Dex: 12    Spells: 13/14 levels left

rFire    . . .     SeeInvis .   (no weapon)
rCold    . . .     Gourm    .   (no shield)
rNeg     . . .     Faith    .   (helmet restricted)
rPois    .         Spirit   .   (no amulet)
rElec    .         Reflect  .   (no ring)
rCorr    .         Harm     .   (no ring)
MR       .....     NoTele   +   (no ring)
Stlth    +++.......             (no ring)
HPRegen  0.07/turn              (no ring)
MPRegen  0.12/turn              (no ring)
                                (no ring)
                                (no ring)

@: very slightly contaminated
A: almost no armour, stealthy swim, amphibious, 8 rings, constrict 8, camouflage
1, gelatinous body 1
a: no special abilities


You were in the Dungeon.
You were not hungry.

You visited 1 branch

Inventory:

Scrolls
 h - a scroll of blinking
Potions
 f - 2 potions of magic
Comestibles
 a - 3 chunks of flesh
 b - a ration


   Skills:
 - Level 2.0 Dodging
 - Level 2.6 Stealth
 + Level 6.1 Spellcasting
 + Level 1.0 Conjurations
 + Level 3.5 Air Magic


You had 13 spell levels left.
You knew the following spells:

 Your Spells              Type           Power        Failure   Level  Hunger
a - Shock                 Conj/Air       ##..         4%          1    None

Your spell library contained the following spells:

 Spells                   Type           Power        Failure   Level  Hunger
 Swiftness                Chrm/Air       ##......     9%          2    None
 Static Discharge         Conj/Air       ##......     14%         3    ##.....
 Airstrike                Air            ###.......   26%         4    ####...
 Lightning Bolt           Conj/Air       ##........   77%         5    #####..


Dungeon Overview and Level Annotations

Branches:
Dungeon (1/1)

Altars:


Innate Abilities, Weirdness & Mutations

You cannot wear most types of armour.
You are very stealthy in the water. (Stealth+)
You are amphibious.
You can wear up to eight rings at the same time.
You can use your tentacles to constrict eight enemies at once.
Your skin changes colour to match your surroundings (Stealth+).
Your rubbery body absorbs attacks. (AC +1, EV +1)


Message History

The phantom is moderately damaged.
The phantom hits you!
* * * LOW HITPOINT WARNING * * *
You tentacle-slap the phantom but do no damage.
You squeeze the phantom.
The phantom is heavily damaged.
The phantom blinks!
The phantom blinks!
Casting: Shock (safe; 4% risk of failure)
Confirm with . or Enter, or press ? or * to list all spells.
Aiming: Shock (safe; 4% risk of failure)
Press: ? - help, Shift-Dir - straight line, f/p - phantom
Aim: a phantom (heavily damaged)
The zap hits the phantom.
The phantom is severely damaged.
The phantom blinks!
You closely miss the phantom.
The phantom is severely damaged.
The phantom hits you.
You die...

▓'▓
▓÷▓
▓÷▓
▓.▓
▓§▓
▓.▓
▓'▓
▓W▓
▓@▓
▓.▓
▓<▓
▓▓▓


You could see a phantom.

Vanquished Creatures
  A worker ant (D)
  An adder (D)
  A dart slug (D)
  2 bats (D)
  A giant cockroach (D)
  2 goblins (D)
  A jackal zombie (D)
9 creatures vanquished.

Notes
Turn   | Place    | Note
-------+----------+-------------------------------------------
     0 | D        | emperorscorpion the Octopode Air Elementalist began the
                  | quest for the Orb.
     0 | D        | Reached XP level 1. HP: 11/11 MP: 3/3
     5 | D        | Reached skill level 3 in Spellcasting
   100 | D        | Noticed a phantom
   100 | D        | Noticed a worker ant
   103 | D        | Reached skill level 4 in Spellcasting
   103 | D        | Reached XP level 2. HP: 10/17 MP: 2/7
   109 | D        | Reached skill level 6 in Spellcasting
   109 | D        | Reached XP level 3. HP: 11/21 MP: 0/10
   168 | D        | HP: 1/21 [phantom (8)]
   177 | D        | Slain by a phantom

Levels and vault maps discovered:
D:        linesprint [early_d, line_temple, items_1, d_10, items_2, lair_1,
          lair_end, items_3, orc_1, orc_end, items_4, d_15, swamp_1, shoals_1,
          snake_1, spider_1, d_20, vaults_1, items_5, swamp_end, shoals_end,
          snake_end, spider_end, vaults_end, d_27, items_6, zot_1, zot_end,
          crypt_end, forest_end, elf_end, slime_end, tomb_end, abyss_end,
          pan_hell_end]

Skill      XL: |  1  2 |
---------------+-------+-----
Spellcasting   | 4 6 |  6.1
Dodging        | |  2.0
Stealth        | |  2.6
Conjurations   | |  1.0
Air Magic      | |  3.5

Action                   || total
-------------------------++-------
Melee: Unarmed           ||    17
       Constrict         ||     2
       Tentacles         ||     2
 Cast: Shock             ||    15
  Use: Potion            ||     4
Armor: Skin              ||     5
Dodge: Dodged            ||    15

Table legend:
 A = Non-vault XP
 B = Vault XP
 C = Vault XP percentage of total XP
 D = Non-vault monster count
 E = Vault monster count
 F = Vault count percentage of total count
                 A         B        C        D         E       F
            +---------+---------+-------+---------+---------+-------
      Total |       0 |      59 | 100.0 |       0 |       9 | 100.0
            +---------+---------+-------+---------+---------+-------
          D |       0 |      59 | 100.0 |       0 |       9 | 100.0
            +---------+---------+-------+---------+---------+-------
